PL-RES
BOZEMAN BULLS @ ABERDEEN DIAMONDS
04/30/2053
 
TOP OF THE 1ST
Mesa Rattlers batting - Pitching for Miami Youth Academy : LHP Danny Rivera
Pitching: LHP Danny Rivera
Batting: RHB Steve Knight 0-0: Foul Ball, location: 2F
0-1: Foul Ball, location: 2F
0-2: Ball
1-2: Strikes out looking
Batting: RHB Edwin Castro 0-0: Ball
1-0: Ball
2-0: Foul Ball, location: 2F
2-1: Ground out 4-3 (Groundball, 4, EV 86.3 MPH)
Batting: RHB Julio Galvan 0-0: Swinging Strike
0-1: Ball
1-1: Ball
2-1: Ball
3-1: Base on Balls
Batting: RHB Antonio Rios 0-0: Called Strike
0-1: Fielders Choice at 2nd, 6-4 (Groundball, 6, EV 90.6 MPH)
Top of the 1st over - 0 runs, 0 hits, 0 errors, 1 left on base; Mesa 0 - Miami 0
BOTTOM OF THE 1ST
Miami Youth Academy batting - Pitching for Mesa Rattlers : RHP Julio Torres
Pitching: RHP Julio Torres
Batting: SHB Jerry Urquidez 0-0: Ball
1-0: Ball
2-0: SINGLE (Groundball, 34, EV 85.0 MPH) (infield hit)
Batting: RHB Jerry Cerbantes 0-0: Called Strike
0-1: Ball
1-1: Ball
2-1: Fly out, F8 (Flyball, 78D, EV 110.6 MPH)
Runner from 1st tags up, SAFE at 2nd
Batting: RHB Vinnie Roneberg 0-0: Called Strike
0-1: Ball
Jerry Urquidez steals 3rd base
1-1: Foul Ball, location: 2F
1-2: Fly out, F9 (Line Drive, 9, EV 102.5 MPH)
Runner from 3rd tags up, SCORES, throw by RF
Batting: SHB Mario Cortez 0-0: Called Strike
0-1: Swinging Strike
0-2: SINGLE (Groundball, 34D, EV 107.5 MPH)
Batting: RHB Ismael Ordonez 0-0: Called Strike
0-1: Fly out, F7 (Flyball, 78S, EV 78.8 MPH)
Bottom of the 1st over - 1 run, 2 hits, 0 errors, 1 left on base; Mesa 0 - Miami 1
TOP OF THE 2ND
Mesa Rattlers batting - Pitching for Miami Youth Academy : LHP Danny Rivera
Batting: RHB J.D. Johnson 0-0: Called Strike
0-1: Swinging Strike
0-2: Strikes out looking
Batting: LHB Danny Barrios 0-0: Ball
1-0: Swinging Strike
1-1: Fly out, F8 (Flyball, 8LM, EV 85.6 MPH)
Batting: LHB Alex Zuniga 0-0: Ball
1-0: Ball
2-0: Called Strike
2-1: Foul Ball, location: 2F
2-2: Fly out, F8 (Flyball, 78M, EV 84.4 MPH)
Top of the 2nd over - 0 runs, 0 hits, 0 errors, 0 left on base; Mesa 0 - Miami 1
BOTTOM OF THE 2ND
Miami Youth Academy batting - Pitching for Mesa Rattlers : RHP Julio Torres
Batting: LHB Alex Galvan 0-0: Swinging Strike
0-1: Ball
1-1: Ball
2-1: Swinging Strike
2-2: Ball
3-2: Ground out 4-3 (Groundball, 4, EV 100.6 MPH)
Batting: SHB Luke Cortese 0-0: Ball
1-0: Ball
2-0: Called Strike
2-1: Ball
3-1: Base on Balls
Batting: SHB Chris Vasquez 0-0: Fielders Choice at 2nd, 6-4 (Groundball, 6M, EV 80.6 MPH)
Batting: RHB Luis Garcia 0-0: Ball
1-0: Called Strike
1-1: Ball
2-1: Ball
3-1: Fly out, F3 (Popup, 3SF, EV 73.1 MPH)
Bottom of the 2nd over - 0 runs, 0 hits, 0 errors, 1 left on base; Mesa 0 - Miami 1
TOP OF THE 3RD
Mesa Rattlers batting - Pitching for Miami Youth Academy : LHP Danny Rivera
Batting: RHB Jon Barela 0-0: SINGLE (Groundball, 56D, EV 108.1 MPH)
Batting: RHB Victor Munoz 0-0: Ball
1-0: Fly out, F8 (Flyball, 8RXD, EV 102.5 MPH)
Batting: RHB Steve Knight 0-0: Called Strike
0-1: Called Strike
0-2: Foul Ball, location: 2F
0-2: Foul Ball, location: 2F
0-2: Ball
1-2: Foul Ball, location: 2F
1-2: Strikes out looking
Batting: RHB Edwin Castro 0-0: Ball
1-0: Ball
2-0: Called Strike
2-1: Ball
3-1: Foul Ball, location: 2F
3-2: Strikes out looking
Top of the 3rd over - 0 runs, 1 hit, 0 errors, 1 left on base; Mesa 0 - Miami 1
BOTTOM OF THE 3RD
Miami Youth Academy batting - Pitching for Mesa Rattlers : RHP Julio Torres
Batting: SHB Jerry Urquidez 0-0: Ball
1-0: Ground out U3 (Groundball, 3L, EV 83.8 MPH)
Batting: RHB Jerry Cerbantes 0-0: Ball
1-0: Swinging Strike
1-1: SINGLE (Line Drive, 89S, EV 102.5 MPH)
Batting: RHB Vinnie Roneberg 0-0: Ball
1-0: Foul Ball, location: 2F
1-1: DOUBLE (Flyball, 89D, EV 94.4 MPH)
Jerry Cerbantes to third
Batting: SHB Mario Cortez 0-0: Ball
1-0: Called Strike
1-1: Foul Ball, location: 2F
1-2: Ball
2-2: Foul Ball, location: 2F
2-2: Foul Ball, location: 2F
2-2: SINGLE (Line Drive, 6MD, EV 101.3 MPH)
Jerry Cerbantes scores
Vinnie Roneberg to third
Batting: RHB Ismael Ordonez 0-0: DOUBLE (Line Drive, 89M, EV 95.6 MPH)
Vinnie Roneberg scores
Mario Cortez to third
Batting: LHB Alex Galvan 0-0: Called Strike
0-1: Foul Ball, location: 2F
0-2: Ball
1-2: Ball
2-2: Fly out, F7 (Flyball, 78D, EV 96.3 MPH)
Runner from 3rd tags up, OUT at HOME! 7-2
Bottom of the 3rd over - 2 runs, 4 hits, 0 errors, 1 left on base; Mesa 0 - Miami 3
TOP OF THE 4TH
Mesa Rattlers batting - Pitching for Miami Youth Academy : LHP Danny Rivera
Batting: RHB Julio Galvan 0-0: Ball
1-0: Ball
2-0: Ball
3-0: Swinging Strike
3-1: SOLO HOME RUN (Flyball, 78XD, EV 96.3 MPH), Distance : 412 ft
Batting: RHB Antonio Rios 0-0: Foul Ball, location: 2F
0-1: Foul Ball, location: 2F
0-2: Ball
1-2: Fly out, F8 (Flyball, 78XD, EV 90.0 MPH)
Batting: RHB J.D. Johnson 0-0: Swinging Strike
0-1: Swinging Strike
0-2: Ball
1-2: Foul Ball, location: 2F
1-2: Ball
2-2: Ball
3-2: Strikes out swinging
Batting: LHB Danny Barrios 0-0: Ball
1-0: SINGLE (Groundball, 4, EV 78.8 MPH) (infield hit)
Batting: LHB Alex Zuniga 0-0: Foul Ball, location: 2F
0-1: Foul Ball, location: 2F
0-2: Foul Ball, location: 2F
0-2: Strikes out looking
Top of the 4th over - 1 run, 2 hits, 0 errors, 1 left on base; Mesa 1 - Miami 3
BOTTOM OF THE 4TH
Miami Youth Academy batting - Pitching for Mesa Rattlers : RHP Julio Torres
Batting: SHB Luke Cortese 0-0: Swinging Strike
0-1: Ball
1-1: Foul Ball, location: 2F
1-2: SINGLE (Groundball, 4MD, EV 101.9 MPH)
Batting: SHB Chris Vasquez 0-0: Foul Ball, location: 2F
0-1: DOUBLE (Line Drive, 7LS, EV 88.8 MPH)
Luke Cortese to third
Batting: RHB Luis Garcia 0-0: Called Strike
0-1: Ball
1-1: Ball
2-1: DOUBLE (Line Drive, 9LM, EV 111.9 MPH)
Luke Cortese scores
Chris Vasquez scores
Pitching: RHP Victor Rojas
Batting: SHB Jerry Urquidez 0-0: Ball
1-0: Fly out, F8 (Flyball, 8LS, EV 87.5 MPH)
Batting: RHB Jerry Cerbantes 0-0: Called Strike
0-1: Ball
1-1: Foul Ball, location: 2F
1-2: Foul Ball, location: 2F
1-2: Foul Ball, location: 2F
1-2: TRIPLE (Flyball, 78XD, EV 105.6 MPH)
Luis Garcia scores
Batting: RHB Vinnie Roneberg 0-0: Ground out 1-3 (Groundball, 13S, EV 66.3 MPH)
Batting: SHB Mario Cortez 0-0: Ball
1-0: Called Strike
1-1: Ball
2-1: Ball
3-1: Called Strike
3-2: SINGLE (Line Drive, 9LS, EV 100.6 MPH)
Jerry Cerbantes scores
Batting: RHB Ismael Ordonez 0-0: Foul Ball, location: 2F
0-1: Ball
1-1: Swinging Strike
1-2: SINGLE (Groundball, 13S, EV 64.4 MPH) (infield hit)
Mario Cortez to second
Batting: LHB Alex Galvan 0-0: DOUBLE (Line Drive, 5D, EV 100.0 MPH)
Mario Cortez scores
Ismael Ordonez to third
Batting: SHB Luke Cortese 0-0: SINGLE (Groundball, 4S, EV 78.8 MPH) (infield hit)
Ismael Ordonez scores
Alex Galvan to third
Batting: SHB Chris Vasquez 0-0: Fly out, F9 (Flyball, 9, EV 90.0 MPH)
Bottom of the 4th over - 6 runs, 8 hits, 0 errors, 2 left on base; Mesa 1 - Miami 9
TOP OF THE 5TH
Mesa Rattlers batting - Pitching for Miami Youth Academy : LHP Danny Rivera
Batting: RHB Jon Barela 0-0: Fly out, F9 (Flyball, 9S, EV 87.5 MPH)
Batting: RHB Victor Munoz 0-0: Ball
1-0: Called Strike
1-1: Foul Ball, location: 2F
1-2: Fly out, F8 (Line Drive, 8LD, EV 89.4 MPH)
Batting: RHB Steve Knight 0-0: Called Strike
0-1: Swinging Strike
0-2: Foul Ball, location: 2F
0-2: Ball
1-2: Ball
2-2: Ball
3-2: Foul Ball, location: 2F
3-2: Foul Ball, location: 2F
3-2: Fly out, F8 (Flyball, 8RS, EV 88.8 MPH)
Top of the 5th over - 0 runs, 0 hits, 0 errors, 0 left on base; Mesa 1 - Miami 9
BOTTOM OF THE 5TH
Miami Youth Academy batting - Pitching for Mesa Rattlers : RHP Victor Rojas
Batting: RHB Luis Garcia 0-0: Ball
1-0: Called Strike
1-1: Foul Ball, location: 2F
1-2: Foul Ball, location: 2F
1-2: Strikes out looking
Batting: SHB Jerry Urquidez 0-0: Fly out, F9 (Flyball, 9LS, EV 90.6 MPH)
Batting: RHB Jerry Cerbantes 0-0: Ball
1-0: Called Strike
1-1: Fly out, F8 (Flyball, 8RS, EV 91.3 MPH)
Bottom of the 5th over - 0 runs, 0 hits, 0 errors, 0 left on base; Mesa 1 - Miami 9
TOP OF THE 6TH
Mesa Rattlers batting - Pitching for Miami Youth Academy : LHP Danny Rivera
Batting: RHB Edwin Castro 0-0: Ground out 5-3 (Groundball, 56, EV 83.8 MPH)
Batting: RHB Julio Galvan 0-0: Ground out 6-3 (Groundball, 6, EV 79.4 MPH)
Batting: RHB Antonio Rios 0-0: Ball
1-0: Foul Ball, location: 2F
1-1: Ball
2-1: Fly out, F7 (Flyball, 7LSF, EV 99.4 MPH)
Top of the 6th over - 0 runs, 0 hits, 0 errors, 0 left on base; Mesa 1 - Miami 9
BOTTOM OF THE 6TH
Miami Youth Academy batting - Pitching for Mesa Rattlers : RHP Victor Rojas
Batting: RHB Vinnie Roneberg 0-0: TRIPLE (Line Drive, 8LXD, EV 105.0 MPH)
Pitching: LHP Jesus Garcia
Batting: SHB Mario Cortez 0-0: Called Strike
0-1: Ground out U3 (Groundball, 34, EV 86.9 MPH)
Vinnie Roneberg scores
Batting: RHB Ismael Ordonez 0-0: Called Strike
0-1: Foul Ball, location: 2F
0-2: Ball
1-2: Foul Ball, location: 2F
1-2: SINGLE (Groundball, 34D, EV 103.1 MPH)
Batting: LHB Alex Galvan 0-0: Called Strike
0-1: Called Strike
0-2: SINGLE (Line Drive, 7S, EV 88.1 MPH)
Ismael Ordonez to second
Batting: SHB Luke Cortese 0-0: Ball
1-0: SINGLE (Groundball, 15S, EV 69.4 MPH) (infield hit)
Ismael Ordonez to third
Alex Galvan to second
Batting: SHB Chris Vasquez 0-0: Fielders Choice at 2nd, 5-4 (Groundball, 56, EV 82.5 MPH)
Ismael Ordonez scores
Alex Galvan to third
Batting: RHB Luis Garcia 0-0: Ball
1-0: Foul Ball, location: 2F
1-1: Foul Ball, location: 2F
1-2: Fly out, F8 (Flyball, 78D, EV 100.6 MPH)
Bottom of the 6th over - 2 runs, 4 hits, 0 errors, 2 left on base; Mesa 1 - Miami 11
TOP OF THE 7TH
Mesa Rattlers batting - Pitching for Miami Youth Academy : LHP Danny Rivera
Batting: RHB J.D. Johnson 0-0: Foul Ball, location: 2F
0-1: Foul Ball, location: 2F
0-2: Strikes out swinging
Batting: LHB Danny Barrios 0-0: Ball
1-0: Ball
2-0: Ground out U3 (Groundball, 3, EV 103.8 MPH)
Batting: LHB Alex Zuniga 0-0: Fly out, F9 (Flyball, 9LMF, EV 98.1 MPH)
Top of the 7th over - 0 runs, 0 hits, 0 errors, 0 left on base; Mesa 1 - Miami 11
BOTTOM OF THE 7TH
Miami Youth Academy batting - Pitching for Mesa Rattlers : LHP Jesus Garcia
Batting: SHB Jerry Urquidez 0-0: Swinging Strike
0-1: Ball
1-1: Ball
2-1: SINGLE (Line Drive, 34, EV 103.1 MPH)
Batting: RHB Jerry Cerbantes 0-0: Foul Ball, location: 2F
0-1: Swinging Strike
0-2: TRIPLE (Flyball, 9LD, EV 93.1 MPH)
Jerry Urquidez scores
Batting: RHB Vinnie Roneberg 0-0: Ball
1-0: Called Strike
1-1: Ball
2-1: Ball
3-1: Called Strike
3-2: SINGLE (Line Drive, 8RS, EV 95.0 MPH)
Jerry Cerbantes scores
Batting: SHB Mario Cortez 0-0: Ball
Wild Pitch!
Vinnie Roneberg to second
1-0: Foul Ball, location: 2F
1-1: Swinging Strike
1-2: Strikes out swinging
Batting: RHB Ismael Ordonez 0-0: Ball
1-0: Ball
2-0: Ball
3-0: Called Strike
3-1: Base on Balls
Batting: LHB Alex Galvan 0-0: Ball
1-0: Ball
2-0: Ball
3-0: Base on Balls
Vinnie Roneberg to third
Ismael Ordonez to second
Batting: SHB Luke Cortese 0-0: Ball
1-0: Fly out, F9 (Flyball, 9S, EV 91.9 MPH)
Batting: SHB Chris Vasquez 0-0: Ball
1-0: Fly out, F8 (Flyball, 8LS, EV 71.3 MPH)
Bottom of the 7th over - 2 runs, 3 hits, 0 errors, 3 left on base; Mesa 1 - Miami 13
TOP OF THE 8TH
Mesa Rattlers batting - Pitching for Miami Youth Academy : LHP Danny Rivera
Batting: RHB Jon Barela 0-0: Called Strike
0-1: Ball
1-1: Swinging Strike
1-2: SINGLE (Line Drive, 89M, EV 92.5 MPH)
Batting: RHB Victor Munoz 0-0: Ball
1-0: Ball
2-0: Ball
3-0: Base on Balls
Jon Barela to second
Batting: RHB Steve Knight 0-0: Called Strike
0-1: Ball
1-1: Foul Ball, location: 2F
1-2: Ball
2-2: Foul Ball, location: 2F
2-2: Ball
3-2: Grounds into double play, 6-4-3 (Groundball, 6, EV 90.6 MPH)
Jon Barela to third
Batting: RHB Edwin Castro 0-0: Fly out, F8 (Flyball, 8RS, EV 95.6 MPH)
Top of the 8th over - 0 runs, 1 hit, 0 errors, 1 left on base; Mesa 1 - Miami 13
BOTTOM OF THE 8TH
Miami Youth Academy batting - Pitching for Mesa Rattlers : LHP Jesus Garcia
Batting: RHB Luis Garcia 0-0: Called Strike
0-1: Swinging Strike
0-2: Ball
1-2: Ball
2-2: Ball
3-2: Strikes out swinging
Batting: SHB Jerry Urquidez 0-0: Ball
1-0: SINGLE (Groundball, 6D, EV 101.9 MPH)
Batting: RHB Jerry Cerbantes 0-0: Ball
1-0: Ball
2-0: Ball
3-0: Base on Balls
Jerry Urquidez to second
Batting: RHB Vinnie Roneberg 0-0: Fly out, F9 (Line Drive, 9, EV 88.1 MPH)
Batting: SHB Mario Cortez 0-0: Called Strike
0-1: Foul Ball, location: 2F
0-2: Ball
1-2: Strikes out swinging
Bottom of the 8th over - 0 runs, 1 hit, 0 errors, 2 left on base; Mesa 1 - Miami 13
TOP OF THE 9TH
Mesa Rattlers batting - Pitching for Miami Youth Academy : LHP Danny Rivera
Pinch Hitting: RHB Quentin Greenway 0-0: Ball
1-0: Called Strike
1-1: Ball
2-1: SOLO HOME RUN (Flyball, 7LD, EV 95.0 MPH), Distance : 348 ft
Pinch Hitting: RHB Tony Lerma 0-0: Ground out 6-3 (Groundball, 6M, EV 88.8 MPH)
Batting: RHB J.D. Johnson 0-0: Ball
1-0: Foul Ball, location: 2F
1-1: SINGLE (Line Drive, 89S, EV 107.5 MPH)
Batting: LHB Danny Barrios 0-0: Called Strike
0-1: Foul Ball, location: 2F
0-2: Ball
1-2: Strikes out swinging
Batting: LHB Alex Zuniga 0-0: Fly out, F8 (Line Drive, 8RD, EV 87.5 MPH)
Top of the 9th over - 1 run, 2 hits, 0 errors, 1 left on base; Mesa 2 - Miami 13
Friday, July 17th, 2020 - OOTP Baseball 21.4 Build 63